 Dungeon Crawl Stone Soup version 0.31-a0-152-g6aa68a64a1 (webtiles) character file.

Game seed: 15299064270859108277

42 qw the Shooter (level 3, -2/30 (31) HPs)
             Began as a Minotaur Hunter on June 9, 2023.
             Slain by Natasha (6 damage)
             ... on level 2 of the Dungeon.
             The game lasted 00:00:23 (1187 turns).

qw the Shooter (Minotaur Hunter)                    Turns: 1187, Time: 00:00:24

HP:   -2/30 (31)    AC:  3    Str: 15    XL:     3   Next: 33%
MP:   2/2           EV: 12    Int:  6    God:
Gold: 95            SH:  0    Dex: 21    Spells: 2/2 levels left

rFire   . . .        Y - +0 shortbow
rCold   . . .        (shield currently unavailable)
rNeg    . . .        c - +0 leather armour
rPois   .            (helmet restricted)
rElec   .            (no cloak)
rCorr   .            (no gloves)
SInv    .            (no boots)
Will    .....        (no amulet)
Stlth   ++           g - +6 ring of dexterity
HPRegen 0.25/turn    (no ring)
MPRegen 0.08/turn

%: no passive effects
@: about to teleport, slowed, lightly drained, very slow
A: horns 2, retaliatory headbutt
a: no special abilities


You were on level 2 of the Dungeon.
You visited 1 branch of the dungeon, and saw 2 of its levels.

You collected 95 gold pieces.


Innate Abilities, Weirdness & Mutations

You have a pair of horns on your head.
You reflexively headbutt those who attack you in melee.


   Skills:
 - Level 3.0 Fighting
 + Level 5.5 Ranged Weapons
 - Level 2.1 Dodging
 - Level 0.7 Stealth


You had 2 spell levels left.
You didn't know any spells.
Your spell library was empty.

Inventory:

Hand Weapons
 Y - a +0 shortbow (weapon)
Armour
 a - a +0 ring mail
 c - a +0 leather armour (worn)
Jewellery
 g - a +6 ring of dexterity (left hand)
Scrolls
 f - a scroll of brand weapon {unknown}
Potions
 d - a potion of might {unknown}
 e - a potion of heal wounds {unknown}
 h - a potion of curing {unknown}
 i - a potion of resistance {unknown}

Dungeon Overview and Level Annotations

Branches:
Dungeon (2/15)

Altars:

Annotations:
D:2 Natasha


Message History

Enter note: A goblin comes into view. It is wielding a +0 dagger.
Found 4 gold pieces.
Enter note:
Enter note: You shoot an arrow.
The arrow hits the goblin.
You kill the goblin!
You now have 95 gold pieces (gained 4).
Natasha, Servant of Life and Death comes into view.
Enter note:
Enter note:
Enter note:
Enter note: You shoot an arrow.
The arrow hits Natasha!
Natasha hisses angrily.
Natasha is heavily wounded.
Natasha stares at you and mumbles some strange words.
You feel yourself slow down.
You shoot an arrow. The arrow barely misses Natasha.
Natasha wildly gestures.
Natasha shimmers violently.
Natasha casts a spell at you. You resist with significant effort.
You shoot an arrow. The arrow barely misses Natasha.
Natasha casts a spell at you. The magic dart hits you!
Natasha stares at you and mumbles some strange words.
The magic dart hits you!
You shoot an arrow. The arrow hits Natasha.
Natasha is heavily wounded.
Natasha claws you.
You shoot an arrow. The arrow completely misses Natasha.
Natasha stares at you and mumbles some strange words.
The magic dart hits you. Natasha closely misses you.
1187 ||| READING scroll of teleportation.
As you read the scroll of teleportation, it crumbles to dust.
You feel strangely unstable.
Natasha growls.
Natasha claws you.
You die...

# .## . .(# .# # .## .#
# #. ### #.###. #. #..
..... ###.####.# ...#
#.....##.# ...#
##<....##.######h[.####
#).........##..@..$....
##......##..##.##.#.###.
...............# .#
##..#.#.##..#### ..
#..#>#.##..... ...
#..#.#.##...### ..##
#..#%#.##...# .##
#......##.... .#
#....#####..##


You could see Natasha.

Vanquished Creatures
  2 worms (D:2)
  A dart slug (D:2)
  2 bats
  6 endoplasms
  A giant cockroach (D:1)
  2 goblins (D:2)
  4 hobgoblins
  3 kobolds
  4 ball pythons (D:2)
  3 frilled lizards
  2 rats (D:1)
30 creatures vanquished.

Notes
Turn   | Place    | Note
-------+----------+-------------------------------------------
     0 | D:1      | qw the Minotaur Hunter began the quest for the Orb.
     0 | D:1      | Reached XP level 1. HP: 18/18 MP: 0/0
     0 | D:1      | 0 ||| qw: Version: 0.2-a-121-gba3a3e5
     0 | D:1      | 0 ||| qw: Game counter: 3207
     0 | D:1      | 0 ||| qw: Always use a shield: true
     0 | D:1      | 0 ||| qw: God list: Okawaru
     0 | D:1      | 0 ||| qw: Allow faded altars: false
     0 | D:1      | 0 ||| qw: Do Orc after D:15 true
     0 | D:1      | 0 ||| qw: Do second Lair branch before Depths: true
     0 | D:1      | 0 ||| qw: Lair rune preference: random
     0 | D:1      | 0 ||| qw: Plans: Normal
     0 | D:1      | 0 ||| PLANNING D:1-11
   410 | D:1      | Reached XP level 2. HP: 25/25 MP: 1/1
   442 | D:1      | Reached skill level 5 in Ranged Weapons
   803 | D:1      | 803 ||| UPGRADING to +6 ring of dexterity.
   804 | D:1      | 804 ||| READING scroll labelled VEYZOENG MYSE.
   805 | D:1      | 805 ||| READING scroll labelled RORUNYOMIA.
   809 | D:1      | 809 ||| READING scroll labelled BAOQUTOFE.
   810 | D:1      | 810 ||| READING scroll labelled GUCISE TEOCHYT.
   811 | D:1      | 811 ||| DROPPING scroll of butterflies.
   837 | D:2      | 837 ||| STAIRDANCE
   838 | D:2      | Reached skill level 3 in Fighting
   841 | D:2      | HP: 4/25 [frozen (5)]
   842 | D:2      | 842 ||| STAIRDANCE
  1018 | D:2      | Reached XP level 3. HP: 30/30 MP: 2/2
  1181 | D:2      | Noticed Natasha
  1186 | D:2      | HP: 4/30 [Natasha/magic dart (5)]
  1187 | D:2      | 1187 ||| READING scroll of teleportation.
  1187 | D:2      | Slain by Natasha

Levels and vault maps discovered:
D:1:      dpeg_arrival_rooms_b, layout_basic
D:2:      layout_loops_ring, st_stairs_11, uniq_natasha

Skill      XL: |  1  2 |
---------------+-------+-----
Ranged Weapons | 5 |  5.5
Fighting       | 3 |  3.0
Dodging        | |  2.1
Stealth        | |  0.7

Action                     || total
---------------------------++-------
   Fire: Shortbow          ||    90
    Use: Scroll            ||     5
 Armour: Leather armour    ||     7
  Dodge: Dodged            ||    24

Table legend:
 A = Non-vault XP
 B = Vault XP
 C = Vault XP percentage of total XP
 D = Non-vault monster count
 E = Vault monster count
 F = Vault count percentage of total count
                 A         B        C        D         E       F
            +---------+---------+-------+---------+---------+-------
      Total |      56 |       4 |   6.7 |      27 |       3 |  10.0
            +---------+---------+-------+---------+---------+-------
        D:1 |      23 |       0 |   0.0 |      13 |       0 |   0.0
        D:2 |      33 |       4 |  10.8 |      14 |       3 |  17.6
            +---------+---------+-------+---------+---------+-------
